 Dungeon Crawl Stone Soup version 0.20.1-1-g8b1a95d (webtiles) character file.

63 zezblit the Bolt Thrower (level 3, 0/28 HPs)
             Began as a Centaur Arcane Marksman on Oct 25, 2017.
             Succumbed to an adder's poison
             ... on level 2 of the Dungeon.
             The game lasted 00:11:16 (1828 turns).

zezblit the Bolt Thrower (Centaur Arcane Marksman)  Turns: 1828, Time: 00:11:17

Health: 0/28       AC:  5    Str: 13    XL:     3   Next: 87%
Magic:  4/4        EV: 10    Int: 12    God:
Gold:   54         SH:  0    Dex:  9    Spells: 3/4 levels left

rFire    + . .     SeeInvis .   a - +0 hand crossbow
rCold    + . .     Gourm    .   (no shield)
rNeg     . . .     Faith    .   e - +0 robe
rPois    .         Spirit   .   r - +0 helmet
rElec    .         Reflect  .   j - scarf {rC+ rF+}
rCorr    .         Harm     .   (no gloves)
MR       .....                  (no barding)
Stlth    +.........             h - amulet of regeneration
Regen    0.5/turn               (no ring)
MPRegen  0.1/turn               (no ring)

@: lethally poisoned (0 -> -8), very quick
A: hooves 3, deformed body, speed 2, tough skin 3
a: no special abilities


You were on level 2 of the Dungeon.
You were hungry.

You visited 1 branch of the dungeon, and saw 2 of its levels.

You collected 54 gold pieces.

Inventory:

Hand Weapons
 a - a +0 hand crossbow (weapon)
 g - a +0 short sword
Missiles
 d - 16 bolts (quivered)
 k - 28 arrows
 n - 137 stones
Armour
 e - a +0 robe (worn)
 j - a scarf of resistance (worn)
 r - a +0 helmet (worn)
Jewellery
 h - an amulet of regeneration (around neck)
Scrolls
 p - a scroll of enchant weapon
 s - a scroll of teleportation {unknown}
Potions
 b - a potion of brilliance
 i - a potion of lignification
 m - 2 potions of resistance {unknown}
 o - 2 potions of might
Books
 c - a book of Debilitation

   Spells                             Type                      Level
   a - Corona                         Hexes                        1
   b - Slow                           Hexes                        2
   c - Inner Flame                    Hexes/Fire                   3
   d - Portal Projectile              Hexes/Translocation          3
   e - Cause Fear                     Hexes                        4
   f - Leda's Liquefaction            Hexes/Earth                  4
Comestibles
 f - 2 bread rations
 l - 7 fruits
 q - a royal jelly
 t - a chunk of flesh


   Skills:
 + Level 1.3 Fighting
 + Level 3.8 Crossbows
 + Level 1.6 Dodging
 + Level 0.1 Stealth
 + Level 1.0 Spellcasting
 + Level 3.1 Hexes


You had 3 spell levels left.
You knew the following spells:

 Your Spells              Type           Power        Failure   Level  Hunger
a - Corona                Hex            #......      9%          1    ##.....


Dungeon Overview and Level Annotations

Branches:
Dungeon (2/15)

Altars:


Innate Abilities, Weirdness & Mutations

You have hooves in place of feet.
Armour fits poorly on your strangely shaped body.
You cover ground very quickly.
You have extremely tough skin. (AC +3)


Message History

You kill the kobold!
* * * LOW HITPOINT WARNING * * *
You feel sick. The adder bites you.
* * * LOW HITPOINT WARNING * * *
You are more poisoned.
The adder poisons you! The adder bites you but does no damage.
Firing (i - inventory. (,) - cycle):
d - 18 bolts (quivered)
Press: ? - help, Shift-Dir - straight line, f/p - adder
Aim: an adder (almost dead)
You shoot a bolt. The bolt closely misses the adder.
The bolt hits the adder!
You kill the adder!
You are feeling hungry.
* * * LOW HITPOINT WARNING * * *
You feel sick. The adder bites you but does no damage. The adder misses you.
Firing (i - inventory. (,) - cycle):
d - 17 bolts (quivered)
Press: ? - help, Shift-Dir - straight line, f/p - adder
Aim: an adder (almost dead)
You shoot a bolt. The bolt hits the adder!
You kill the adder!
You die...

### ####### #(#
(....(.##.#
(..(S.K(()#
######.##(# #. #@#
#. #.# #. #.# #.
#.# #. #.# #.
#.################
#.................
#......###########
#......#


There were no monsters in sight!

Vanquished Creatures
  2 adders (D:2)
  2 worms (D:2)
  A dart slug (D:1)
  2 leopard geckos
  2 bats
  2 giant cockroaches
  A goblin (D:2)
  5 hobgoblins
  3 jackals (D:1)
  A ball python (D:1)
  2 frilled lizards (D:2)
  6 kobolds
  6 rats
35 creatures vanquished.

Notes
Turn   | Place    | Note
-------+----------+-------------------------------------------
     0 | D:1      | zezblit the Centaur Arcane Marksman began the quest for the Orb.
     0 | D:1      | Reached XP level 1. HP: 16/16 MP: 2/2
   256 | D:1      | Reached XP level 2. HP: 6/23 MP: 3/3
  1194 | D:1      | Reached XP level 3. HP: 28/28 MP: 4/4
  1827 | D:2      | HP: 1/28 [poisoned by an adder]
  1828 | D:2      | Succumbed to an adder's poison

Skill      XL: |  1  2 |
---------------+-------+-----
Hexes          | 3 |  3.1
Crossbows      | 3 |  3.8
Fighting       | |  1.3
Dodging        | |  1.6
Stealth        | |  0.1
Spellcasting   | |  1.0

Action                   || total
-------------------------++-------
 Fire: Hand crossbow     ||   103
  Use: Scroll            ||     2
       Potion            ||     2
  Eat: Chunk             ||     1
Armor: Robe              ||    31
Dodge: Dodged            ||    32
